[Event "42nd Olympiad Baku 2016 Women"]
[Site "Baku"]
[Date "2016.09.05"]
[Round "4.9"]
[White "Mora Oviedo, Andrea Melissa"]
[Black "Kigeni, Grace"]
[Result "0-1"]
[ECO "D46"]
[WhiteElo "1783"]
[BlackElo "1632"]
[Annotator ""]
[PlyCount "64"]
[EventDate "2016.??.??"]
[EventCountry "AZE"]
[SourceTitle "playchess.com"]
[Source "ChessBase"]
[WhiteTeam "Honduras"]
[BlackTeam "Uganda"]
[WhiteTeamCountry "HON"]
[BlackTeamCountry "UGA"]
[TimeControl "40/5400+30:1800+30"]

1. d4 {(00:00)} d5 {(00:00)} 2. c4 {(00:01)} c6 {(
00:00)} 3. e3 {(00:22)} Nf6 {(00:06)} 4. Nc3 {(00:21)} e6
{(00:16)} 5. Nf3 {(04:16)} Nbd7 {(02:57)} 6. Bd3 {(
02:56)} Bd6 {(01:52)} 7. O-O {(03:19)} O-O {(01:28)} 8.
Qc2 {(03:54)} Qc7 {(17:01)} 9. a3 {(08:06)} h6 {(
06:59)} 10. c5 {(11:32)} Be7 {(00:11)} 11. b4 {(03:47)} e5
{(08:15)} 12. e4 {(03:14)} dxe4 {(14:36)} 13. Nxe4 {
(04:58)} Nxe4 {(00:25)} 14. Bxe4 {(01:01)} exd4 {(
01:55)} 15. Nxd4 {(03:53)} Nf6 {(05:27)} 16. Bf3 {(07:24)}
Ng4 {(07:14)} 17. g3 {(07:04)} Bf6 {(03:37)} 18. Bb2 {
(06:52)} Ne5 {(05:15)} 19. Bg2 {(01:39)} Bg4 {(00:
28)} 20. Rae1 {(08:44)} Rfe8 {(01:23)} 21. Bc1 {(00:54)}
Rad8 {(03:18)} 22. Nf5 {(04:24)} Nf3+ {(11:07)} 23. Bxf3 {
(00:25)} Bxf3 {(00:07)} 24. Nd6 {(01:16)} Rxe1 {(
00:37)} 25. Rxe1 {(00:03)} Qd7 {(00:46)} 26. Qb3 {(04:01)}
Bd5 {(00:10)} 27. Qd3 {(03:18)} Qh3 {(02:19)} 28. Qf1 {
(00:33)} Qg4 {(00:31)} 29. Qe2 {(01:33)} Qh3 {(01:
36)} 30. Qf1 {(00:03)} Qh5 {(00:52)} 31. h3 {(03:10)} Qf3
{(00:16)} 32. Qg2 {(00:34)} Qxg2# {(00:13)} 0-1

[Event "42nd Olympiad Baku 2016 Women"]
[Site "Baku"]
[Date "2016.09.05"]
[Round "4.6"]
[White "Morales Santos, Natasha"]
[Black "Zhang, Jasmine Haomo"]
[Result "1/2-1/2"]
[ECO "D05"]
[WhiteElo "1908"]
[BlackElo "1721"]
[Annotator ""]
[PlyCount "158"]
[EventDate "2016.??.??"]
[EventCountry "AZE"]
[SourceTitle "playchess.com"]
[Source "ChessBase"]
[WhiteTeam "Puerto Rico"]
[BlackTeam "New Zealand"]
[WhiteTeamCountry "PUR"]
[BlackTeamCountry "NZL"]
[TimeControl "40/5400+30:1800+30"]

1. d4 {(00:11)} d5 {(00:00)} 2. Nf3 {(00:11)} Nf6 {
(00:00)} 3. e3 {(00:12)} e6 {(00:05)} 4. Bd3 {(00:
09)} c5 {(00:08)} 5. b3 {(00:09)} Nc6 {(00:15)} 6. a3 {
(00:09)} Bd6 {(00:10)} 7. Bb2 {(00:10)} O-O {(00:
22)} 8. O-O {(00:11)} Qe7 {(13:59)} 9. Ne5 {(00:39)} a6 {
(05:26)} 10. Nd2 {(01:01)} Bd7 {(00:57)} 11. f4 {(
01:00)} Bc7 {(07:09)} 12. Rf3 {(04:45)} Bb6 {(01:51)} 13.
Nxd7 {(05:32)} Nxd7 {(01:37)} 14. dxc5 {(00:44)} Bxc5 {
(06:09)} 15. Bxh7+ {(08:32)} Kxh7 {(09:45)} 16. Rh3+ {
(00:32)} Kg8 {(00:10)} 17. Bxg7 {(00:16)} f6 {(02:
01)} 18. Bxf8 {(03:09)} Nxf8 {(04:42)} 19. Rg3+ {(08:44)}
Kh8 {(00:47)} 20. Qg4 {(05:45)} Qf7 {(02:47)} 21. Rf1 {
(01:59)} Nh7 {(01:53)} 22. b4 {(07:25)} Bb6 {(02:
21)} 23. c4 {(02:16)} Ne7 {(03:33)} 24. c5 {(03:09)} Bc7 {
(03:40)} 25. Qe2 {(03:29)} Nf5 {(03:27)} 26. Rh3 {(
01:20)} Rg8 {(07:03)} 27. Nb3 {(02:31)} Qg6 {(03:52)} 28.
Nd4 {(02:28)} Nxd4 {(03:36)} 29. exd4 {(00:30)} Qg4 {
(00:53)} 30. Qxg4 {(03:03)} Rxg4 {(00:04)} 31. Re3 {
(00:42)} Nf8 {(00:54)} 32. g3 {(00:22)} Kg8 {(00:
51)} 33. Kf2 {(00:26)} Kf7 {(02:06)} 34. Kf3 {(00:57)} Rg8
{(01:34)} 35. Rfe1 {(01:13)} Rh8 {(01:03)} 36. R1e2 {
(00:24)} Rh6 {(01:51)} 37. a4 {(00:59)} f5 {(02:03]
} 38. Rb3 {(03:12)} Bd8 {(04:54)} 39. b5 {(00:24)} a5 {
(00:09)} 40. b6 {(00:00)} Nd7 {(00:00)} 41. Rb5 {(
03:17)} Nb8 {(00:17)} 42. Rxa5 {(17:58)} Nc6 {(00:20)} 43.
Ra8 {(00:11)} Bf6 {(04:34)} 44. Rd2 {(02:02)} Bxd4 {
(03:04)} 45. Rc8 {(03:20)} Bxc5 {(00:37)} 46. Rc7+ {
(00:23)} Kf6 {(00:24)} 47. Rxb7 {(00:17)} Na5 {(00:
27)} 48. Rb8 {(02:18)} Nc4 {(01:18)} 49. Rc2 {(01:01)}
Bxb6 {(01:15)} 50. Rxc4 {(01:28)} dxc4 {(00:07)} 51. Rxb6
{(00:11)} Rxh2 {(00:25)} 52. Rc6 {(02:43)} Rc2 {(
00:23)} 53. Ke3 {(01:06)} c3 {(05:19)} 54. Kd3 {(07:21)}
Ra2 {(01:24)} 55. Ra6 {(01:12)} c2 {(00:22)} 56. Kd2 {
(00:11)} Kf7 {(03:09)} 57. a5 {(00:58)} Kf6 {(01:
16)} 58. Ra8 {(00:35)} Kf7 {(00:24)} 59. a6 {(01:06)} Kf6
{(00:26)} 60. a7 {(00:14)} Kg7 {(00:06)} 61. Kc1 {(
01:19)} Kh7 {(00:22)} 62. Re8 {(01:01)} Rxa7 {(00:26)} 63.
Rxe6 {(00:22)} Rc7 {(01:06)} 64. Rf6 {(05:48)} Rc5 {
(00:36)} 65. Rb6 {(01:11)} Kg7 {(01:26)} 66. Rb2 {(
00:46)} Rc3 {(01:05)} 67. Rxc2 {(00:35)} Rxg3 {(00:16)}
68. Kd2 {(00:59)} Kg6 {(01:29)} 69. Rc3 {(01:00)} Rxc3 {
(02:35)} 70. Kxc3 {(00:06)} Kh5 {(00:41)} 71. Kd3 {
(02:27)} Kg4 {(00:19)} 72. Ke3 {(03:18)} Kg3 {(00:
19)} 73. Ke2 {(00:48)} Kxf4 {(00:42)} 74. Kf2 {(00:04)}
Ke4 {(00:25)} 75. Ke2 {(00:15)} f4 {(00:28)} 76. Kf2 {
(00:38)} f3 {(00:12)} 77. Kf1 {(01:05)} Ke3 {(00:
10)} 78. Ke1 {(00:10)} f2+ {(00:04)} 79. Kf1 {(00:06)} Kf3
1/2-1/2

[Event "42nd Olympiad Baku 2016 Women"]
[Site "Baku"]
[Date "2016.09.05"]
[Round "4.20"]
[White "Morera Campos, Hazel Maria"]
[Black "Raeva, Elitsa"]
[Result "0-1"]
[ECO "B26"]
[WhiteElo "1822"]
[BlackElo "2232"]
[Annotator ""]
[PlyCount "116"]
[EventDate "2016.??.??"]
[EventCountry "AZE"]
[SourceTitle "playchess.com"]
[Source "ChessBase"]
[WhiteTeam "Costa Rica"]
[BlackTeam "Bulgaria"]
[WhiteTeamCountry "CRI"]
[BlackTeamCountry "BUL"]
[TimeControl "40/5400+30:1800+30"]

1. e4 {(00:50)} c5 {(00:00)} 2. Nc3 {(00:13)} Nc6 {
(00:01)} 3. g3 {(00:23)} g6 {(00:09)} 4. Bg2 {(00:
05)} Bg7 {(00:12)} 5. d3 {(00:07)} d6 {(00:18)} 6. Be3 {
(00:22)} Rb8 {(01:00)} 7. Qd2 {(01:04)} b5 {(01:14]
} 8. Nge2 {(01:48)} Nd4 {(02:35)} 9. O-O {(02:32)} h5 {
(11:48)} 10. Nd1 {(15:40)} b4 {(09:43)} 11. Nc1 {(
04:13)} Nf6 {(20:35)} 12. c3 {(01:36)} bxc3 {(04:46)} 13.
bxc3 {(00:45)} Nc6 {(00:14)} 14. Nb3 {(13:01)} Ba6 {
(02:58)} 15. f4 {(04:50)} e5 {(11:42)} 16. f5 {(04:
02)} c4 {(02:56)} 17. Nc1 {(07:12)} cxd3 {(04:36)} 18.
fxg6 {(00:45)} fxg6 {(00:08)} 19. Nxd3 {(02:01)} O-O {
(00:09)} 20. Re1 {(09:21)} Ng4 {(01:07)} 21. Bg5 {(
03:48)} Qb6+ {(00:24)} 22. N3f2 {(02:06)} Na5 {(04:15)}
23. h3 {(01:47)} Nxf2 {(00:53)} 24. Nxf2 {(00:07)} Nc4 {
(00:47)} 25. Qd5+ {(06:36)} Kh7 {(00:10)} 26. Re2 {
(00:49)} Rb7 {(04:57)} 27. a4 {(10:07)} Rbf7 {(04:
56)} 28. a5 {(00:32)} Qc7 {(05:57)} 29. Nd3 {(03:49)} Bh6
{(01:23)} 30. Bxh6 {(00:34)} Kxh6 {(00:04)} 31. Nb4 {
(00:53)} Bb7 {(00:51)} 32. Qd3 {(02:34)} Qc5+ {(00:
18)} 33. Kh2 {(00:30)} a6 {(00:14)} 34. Rea2 {(00:37)} Rf2
{(02:07)} 35. Rxf2 {(00:25)} Rxf2 {(00:09)} 36. Ra2 {
(01:04)} Nb2 {(02:28)} 37. Qb1 {(00:41)} Qxc3 {(00:
20)} 38. Qg1 {(00:31)} Rd2 {(01:25)} 39. Nd5 {(00:32)} Qb3
{(00:37)} 40. Ra1 {(00:00)} Bxd5 {(00:00)} 41. exd5 {
(00:35)} Qxd5 {(05:41)} 42. Qe3+ {(01:35)} g5 {(04:
54)} 43. Rg1 {(01:05)} Nd1 {(07:11)} 44. Qa7 {(02:50)} Qf3
{(04:42)} 45. Qb8 {(04:14)} Qf6 {(01:44)} 46. Kh1 {
(05:18)} Nf2+ {(01:37)} 47. Kh2 {(00:03)} h4 {(00:
16)} 48. Rf1 {(04:36)} hxg3+ {(00:30)} 49. Kg1 {(00:11)}
e4 {(01:56)} 50. Qa7 {(05:50)} Qd4 {(02:58)} 51. Qf7 {
(04:01)} Nxh3+ {(03:31)} 52. Kh1 {(00:20)} Qg1+ {(
00:51)} 53. Rxg1 {(00:09)} Nf2+ {(00:03)} 54. Qxf2 {(00:
07)} gxf2 {(00:07)} 55. Rc1 {(05:15)} e3 {(00:14)} 56. Bf3
{(00:27)} e2 {(00:57)} 57. Bxe2 Rxe2 58. Rf1 Re1 0-1

[Event "42nd Olympiad Baku 2016 Women"]
[Site "Baku"]
[Date "2016.09.05"]
[Round "4.26"]
[White "Morozova, Iuliia"]
[Black "Nasriddinzoda, Marvorii"]
[Result "0-1"]
[ECO "A46"]
[WhiteElo "2025"]
[BlackElo "2073"]
[Annotator ""]
[PlyCount "150"]
[EventDate "2016.??.??"]
[EventCountry "AZE"]
[SourceTitle "playchess.com"]
[Source "ChessBase"]
[WhiteTeam "Belgium"]
[BlackTeam "Tajikistan"]
[WhiteTeamCountry "BEL"]
[BlackTeamCountry "TJK"]
[TimeControl "40/5400+30:1800+30"]

1. d4 {(00:00)} Nf6 {(00:00)} 2. Nf3 {(00:00)} e6 {
(00:10)} 3. e3 {(00:14)} Be7 {(01:06)} 4. Bd3 {(00:
17)} b6 {(02:30)} 5. O-O {(00:57)} Bb7 {(01:08)} 6. Nbd2 {
(01:02)} d5 {(03:12)} 7. b3 {(00:52)} Nbd7 {(00:49]
} 8. Bb2 {(00:27)} c5 {(00:31)} 9. Ne5 {(00:45)} Qc7 {
(02:37)} 10. f4 {(05:06)} cxd4 {(14:31)} 11. exd4 {
(00:27)} g6 {(08:50)} 12. Qe2 {(02:45)} Nxe5 {(12:
44)} 13. fxe5 {(01:21)} Nh5 {(00:10)} 14. Rf3 {(04:25)}
Ng7 {(05:45)} 15. Raf1 {(01:39)} O-O {(02:28)} 16. g4 {
(24:26)} Bc6 {(04:48)} 17. Qe3 {(19:35)} Qd8 {(04:
32)} 18. Rf6 {(18:53)} Ne8 {(14:08)} 19. Qf4 {(08:37)}
Nxf6 {(04:04)} 20. exf6 {(00:08)} Bxf6 {(00:13)} 21. Qxf6
{(00:06)} Qxf6 {(00:01)} 22. Rxf6 {(00:10)} Kg7 {(
01:13)} 23. g5 {(02:31)} h6 {(01:22)} 24. h4 {(00:14)}
hxg5 {(00:30)} 25. hxg5 {(00:05)} Rh8 {(00:29)} 26. Nf3 {
(00:30)} Rh5 {(00:29)} 27. Bc1 {(00:37)} b5 {(06:
20)} 28. Ne5 {(00:56)} Be8 {(00:06)} 29. Bf4 {(02:02)} a6
{(03:25)} 30. Ng4 {(00:57)} Ra7 {(02:46)} 31. Kg2 {
(00:49)} Rb7 {(01:05)} 32. Kg3 {(00:56)} Rh1 {(00:
34)} 33. Be5 {(00:47)} Kg8 {(01:08)} 34. Nh6+ {(00:38)}
Kh7 {(00:07)} 35. Kg2 {(01:02)} Rh5 {(00:09)} 36. Bf4 {
(00:24)} Kg7 {(01:49)} 37. Ng4 {(00:23)} Rh4 {(00:
20)} 38. Be2 {(00:55)} b4 {(00:40)} 39. Be5 {(00:18)} Kf8
{(00:25)} 40. Rf4 {(00:00)} Rb6 {(00:00)} 41. Rf1 {
(03:46)} Bb5 {(06:42)} 42. Bxb5 {(17:53)} Rxg4+ {(
00:08)} 43. Kh3 {(03:37)} Rxg5 {(00:34)} 44. Bd3 {(00:19)}
Rh5+ {(00:16)} 45. Kg3 {(00:45)} f5 {(04:46)} 46. Rf2 {
(01:44)} Rc6 {(01:48)} 47. Rh2 {(00:39)} Rxh2 {(00:
42)} 48. Kxh2 {(00:04)} g5 {(02:14)} 49. Bf6 {(00:15)} g4
{(00:16)} 50. Kg3 {(00:21)} Kf7 {(01:12)} 51. Bh4 {
(03:24)} Rc8 {(01:44)} 52. Kf4 {(00:26)} Rh8 {(01:
13)} 53. Bg3 {(00:47)} a5 {(02:11)} 54. Ke5 {(02:39)} Rh3
{(01:07)} 55. Kf4 {(00:31)} Rh1 {(03:08)} 56. Bb5 {
(01:33)} Rc1 {(01:52)} 57. Bd3 {(00:30)} Ra1 {(03:
01)} 58. Bh4 {(00:48)} Rxa2 {(01:02)} 59. Bd8 {(00:45)} a4
{(01:37)} 60. bxa4 {(00:25)} Rxa4 {(00:09)} 61. Bb6 {
(01:00)} b3 {(01:46)} 62. cxb3 {(00:17)} Rb4 {(00:
03)} 63. Bc5 {(00:45)} Rxb3 {(00:08)} 64. Bc2 {(00:34)}
Rf3+ {(00:56)} 65. Kg5 {(01:12)} Rf2 {(02:12)} 66. Bd1 {
(00:33)} Rd2 {(00:59)} 67. Bxg4 {(00:55)} Rg2 {(00:
22)} 68. Kf4 {(00:09)} Rxg4+ {(00:11)} 69. Kf3 {(00:11)}
Kf6 {(00:21)} 70. Bb6 {(00:19)} e5 {(00:11)} 71. dxe5+ {
(00:46)} Kxe5 {(00:11)} 72. Bc7+ {(00:16)} Kd4 {(
00:08)} 73. Bb6+ {(00:11)} Kd3 {(00:08)} 74. Ba7 {(00:16)}
d4 {(00:12)} 75. Bb8 {(00:24)} Kc2 {(00:07)} 0-1

[Event "42nd Olympiad Baku 2016 Women"]
[Site "Baku"]
[Date "2016.09.05"]
[Round "4.13"]
[White "Mueller-Seps, Monika"]
[Black "Tsolakidou, Stavroula"]
[Result "1/2-1/2"]
[ECO "A46"]
[WhiteElo "2276"]
[BlackElo "2355"]
[Annotator ""]
[PlyCount "97"]
[EventDate "2016.??.??"]
[EventCountry "AZE"]
[SourceTitle "playchess.com"]
[Source "ChessBase"]
[WhiteTeam "Switzerland"]
[BlackTeam "Greece"]
[WhiteTeamCountry "SUI"]
[BlackTeamCountry "GRE"]
[TimeControl "40/5400+30:1800+30"]

1. d4 {(00:00)} Nf6 {(00:00)} 2. Nf3 {(00:00)} e6 {
(00:00)} 3. Bg5 {(00:00)} c5 {(00:03)} 4. e3 {(00:
00)} cxd4 {(00:12)} 5. exd4 {(00:05)} Be7 {(00:18)} 6.
Nbd2 {(01:41)} d6 {(02:33)} 7. Bd3 {(00:53)} Nbd7 {
(01:25)} 8. c3 {(06:08)} b6 {(01:21)} 9. Qe2 {(02:
20)} Bb7 {(02:09)} 10. Bxf6 {(09:06)} Nxf6 {(02:54)} 11.
Ne4 {(00:21)} O-O {(11:35)} 12. h4 {(10:20)} Nxe4 {
(18:49)} 13. Bxe4 {(00:05)} Bxe4 {(00:16)} 14. Qxe4 {
(00:03)} d5 {(00:20)} 15. Qd3 {(06:21)} Qd6 {(02:
58)} 16. Ng5 {(11:30)} g6 {(04:16)} 17. Qe3 {(08:42)} h6 {
(11:16)} 18. Nf3 {(00:42)} Kg7 {(05:41)} 19. Ne5 {(
04:22)} b5 {(05:12)} 20. h5 {(07:08)} g5 {(01:29)} 21. O-O
{(01:39)} Bf6 {(10:59)} 22. Nd3 {(08:21)} Rae8 {(
03:13)} 23. Rae1 {(00:05)} Bd8 {(04:21)} 24. g3 {(03:12)}
Bc7 {(03:16)} 25. f4 {(04:27)} f6 {(01:20)} 26. Rf2 {
(02:32)} gxf4 {(02:35)} 27. gxf4 {(00:05)} Kh7 {(
01:11)} 28. Rg2 {(01:08)} Rg8 {(00:22)} 29. Ree2 {(01:15)}
Qe7 {(01:14)} 30. Nc5 {(05:08)} Qf7 {(01:57)} 31. Qf3 {
(04:26)} f5 {(01:18)} 32. Kf1 {(00:34)} Bd6 {(00:
53)} 33. Rxg8 {(01:56)} Qxg8 {(00:28)} 34. Rg2 {(00:27)}
Qf7 {(00:24)} 35. Nd3 {(00:38)} Rg8 {(00:25)} 36. Rxg8 {
(00:36)} Qxg8 {(00:04)} 37. Kf2 {(00:41)} Qd8 {(01:
06)} 38. Qg3 {(00:29)} Qg8 {(00:34)} 39. Nc5 {(00:42)} Qf7
{(00:29)} 40. Qf3 {(00:00)} Kg7 {(00:00)} 41. Nd3 {
(09:54)} Kf8 {(08:32)} 42. Qe2 {(05:28)} Qf6 {(07:
47)} 43. Qf3 {(08:55)} Qh4+ {(03:29)} 44. Kg2 {(01:02)}
Ke7 {(02:11)} 45. Ne5 {(00:51)} Bxe5 {(06:37)} 46. dxe5 {
(00:05)} Qe1 {(00:15)} 47. Qf2 {(01:11)} Qxf2+ {(
02:53)} 48. Kxf2 {(00:04)} Kd7 {(00:30)} 49. Ke3 {(00:10)}
1/2-1/2

[Event "42nd Olympiad Baku 2016 Women"]
[Site "Baku"]
[Date "2016.09.05"]
[Round "4.20"]
[White "Mukhit, Aisezym"]
[Black "Domarkaite, Laima"]
[Result "1/2-1/2"]
[ECO "B51"]
[WhiteElo "2065"]
[BlackElo "2161"]
[Annotator ""]
[PlyCount "99"]
[EventDate "2016.??.??"]
[EventCountry "AZE"]
[SourceTitle "playchess.com"]
[Source "ChessBase"]
[WhiteTeam "Kazakhstan"]
[BlackTeam "Lithuania"]
[WhiteTeamCountry "KAZ"]
[BlackTeamCountry "LTU"]
[TimeControl "40/5400+30:1800+30"]

1. e4 {(00:00)} c5 {(00:00)} 2. Nf3 {(00:06)} d6 {(
00:00)} 3. Bb5+ {(00:25)} Nd7 {(00:18)} 4. d4 {(01:17)}
cxd4 {(00:22)} 5. Qxd4 {(00:10)} a6 {(01:54)} 6. Bxd7+ {
(00:23)} Bxd7 {(00:35)} 7. O-O {(01:27)} e5 {(02:
09)} 8. Qd3 {(03:37)} h6 {(03:31)} 9. Nc3 {(08:54)} Nf6 {
(01:12)} 10. a4 {(01:53)} Be7 {(04:28)} 11. Nd2 {(
10:54)} Be6 {(09:27)} 12. Nc4 {(05:32)} Qc7 {(14:20)} 13.
Ne3 {(03:35)} Rc8 {(05:37)} 14. Rd1 {(12:06)} O-O {
(07:06)} 15. Bd2 {(06:30)} Rfd8 {(12:29)} 16. Be1 {
(04:24)} Rd7 {(07:59)} 17. a5 {(03:18)} Bc4 {(09:
39)} 18. Qd2 {(11:43)} Qc6 {(03:08)} 19. f3 {(02:23)} b5 {
(04:34)} 20. axb6 {(02:07)} Qxb6 {(00:18)} 21. Bf2 {
(00:40)} Qb7 {(01:14)} 22. Nf5 {(08:24)} Bf8 {(00:
45)} 23. Bh4 {(04:41)} Ne8 {(00:17)} 24. b3 {(03:38)} Be6
{(00:16)} 25. Ne3 {(00:49)} Rdc7 {(01:26)} 26. Ncd5 {
(00:31)} Bxd5 {(00:52)} 27. Qxd5 {(00:20)} Rc6 {(
01:22)} 28. Nc4 {(01:09)} Nc7 {(02:27)} 29. Qd2 {(00:55)}
Qb5 {(02:10)} 30. Bf2 {(01:12)} Ne6 {(00:36)} 31. Ra5 {
(00:18)} Qb7 {(00:58)} 32. Rd5 {(00:16)} Qc7 {(00:
38)} 33. g3 {(00:52)} g6 {(01:31)} 34. Qa5 {(00:23)} Qxa5
{(00:38)} 35. Rxa5 {(00:04)} Nc7 {(00:41)} 36. Nb6 {
(00:53)} Rb8 {(01:00)} 37. Nc4 {(00:47)} Rb5 {(00:
50)} 38. Rda1 {(00:19)} Kg7 {(00:58)} 39. Kg2 {(01:21)}
Kf6 {(00:32)} 40. Ne3 {(00:00)} Ke6 {(00:00)} 41. Rxb5 {
(09:31)} axb5 {(05:10)} 42. Ra5 {(05:36)} Ra6 {(18:
52)} 43. Rxa6 {(02:21)} Nxa6 {(00:04)} 44. Nd5 {(00:05)}
Be7 {(01:53)} 45. Be3 {(02:41)} h5 {(00:52)} 46. g4 {
(02:05)} hxg4 {(00:41)} 47. fxg4 {(00:04)} Bd8 {(
01:28)} 48. Kg3 {(01:54)} g5 {(00:41)} 49. Bd2 {(03:56)}
Nc5 {(01:09)} 50. Kf3 {(00:41)} 1/2-1/2

[Event "42nd Olympiad Baku 2016 Women"]
[Site "Baku"]
[Date "2016.09.05"]
[Round "4.1"]
[White "Muminova, Nafisa"]
[Black "Theissl Pokorna, Regina"]
[Result "1-0"]
[ECO "C45"]
[WhiteElo "2324"]
[BlackElo "2331"]
[Annotator ""]
[PlyCount "117"]
[EventDate "2016.??.??"]
[EventCountry "AZE"]
[SourceTitle "playchess.com"]
[Source "ChessBase"]
[WhiteTeam "Uzbekistan"]
[BlackTeam "Austria"]
[WhiteTeamCountry "UZB"]
[BlackTeamCountry "AUT"]
[TimeControl "40/5400+30:1800+30"]

1. e4 {(00:00)} e5 {(00:00)} 2. Nf3 {(00:00)} Nc6 {
(00:00)} 3. d4 {(00:00)} exd4 {(00:00)} 4. Nxd4 {(
00:00)} Bc5 {(00:00)} 5. Nb3 {(00:02)} Bb6 {(00:05)} 6.
Nc3 {(00:08)} Nf6 {(00:18)} 7. Qe2 {(00:07)} d6 {(
00:14)} 8. Be3 {(00:28)} O-O {(00:14)} 9. O-O-O {(01:01)}
Re8 {(00:41)} 10. f3 {(00:26)} Be6 {(00:30)} 11. Nc5 {
(00:42)} Bc8 {(07:12)} 12. g4 {(06:24)} Ne5 {(03:
08)} 13. Rg1 {(13:11)} Qe7 {(16:09)} 14. g5 {(13:51)} Bxc5
{(22:58)} 15. Bxc5 {(05:24)} dxc5 {(03:02)} 16. gxf6 {
(00:26)} Qxf6 {(00:07)} 17. Nd5 {(02:27)} Qh6+ {(
04:37)} 18. Kb1 {(02:12)} c6 {(05:18)} 19. Nc7 {(02:31)}
Be6 {(00:04)} 20. Nxa8 {(00:41)} Rxa8 {(00:03)} 21. Qf2 {
(03:12)} Qf4 {(10:05)} 22. Be2 {(09:14)} Ng6 {(06:
37)} 23. Qg3 {(04:37)} h6 {(02:25)} 24. Rg2 {(04:53)} Re8
{(01:53)} 25. Rdg1 {(01:24)} Kf8 {(00:14)} 26. Qf2 {
(03:45)} b6 {(03:17)} 27. h4 {(02:08)} h5 {(08:43)}
28. Rg5 {(03:51)} Rd8 {(00:09)} 29. Rd1 {(08:08)} Rxd1+ {
(00:58)} 30. Bxd1 {(00:05)} Nxh4 {(00:43)} 31. Rxh5 {
(01:07)} g5 {(02:13)} 32. Rh8+ {(01:43)} Kg7 {(00:
01)} 33. Rd8 {(00:55)} Qf6 {(01:13)} 34. Qd2 {(01:04)} Ng6
{(00:26)} 35. Ra8 {(01:06)} a5 {(02:05)} 36. Rb8 {(
03:44)} b5 {(01:01)} 37. Qxa5 {(02:32)} c4 {(01:04)} 38.
Qd2 {(01:52)} Ne5 {(00:38)} 39. Qd8 {(00:25)} Qxd8 {
(00:18)} 40. Rxd8 {(00:00)} Kf6 {(00:00)} 41. b3 {(
07:26)} cxb3 {(18:11)} 42. cxb3 {(00:25)} b4 {(00:05)} 43.
Kc2 {(05:07)} c5 {(00:23)} 44. Kd2 {(03:51)} Ke7 {(
01:41)} 45. Ra8 {(00:32)} Nc6 {(00:39)} 46. Ke3 {(00:39)}
Kd6 {(02:14)} 47. Be2 {(01:11)} Nd4 {(00:48)} 48. Rd8+ {
(04:32)} Ke5 {(00:22)} 49. Bc4 {(00:26)} Bxc4 {(06:
46)} 50. bxc4 {(00:05)} Ne6 {(00:27)} 51. Rd5+ {(00:35)}
Kf6 {(00:06)} 52. Rf5+ {(05:52)} Kg6 {(01:04)} 53. Kf2 {
(01:33)} f6 {(01:55)} 54. Kg3 {(00:17)} Kg7 {(01:
17)} 55. Kg4 {(00:16)} Kg6 {(00:06)} 56. e5 {(00:21)} fxe5
{(00:17)} 57. Rxe5 {(00:03)} Kf6 {(01:12)} 58. Rxe6+ {
(01:18)} Kxe6 {(00:06)} 59. Kxg5 {(00:03] Kd5} 1-0

[Event "42nd Olympiad Baku 2016 Women"]
[Site "Baku"]
[Date "2016.09.05"]
[Round "4.4"]
[White "Musaeva, Shakhnazi"]
[Black "Kerciku, Suzana"]
[Result "1/2-1/2"]
[ECO "B46"]
[WhiteElo "1611"]
[BlackElo "1609"]
[Annotator ""]
[PlyCount "78"]
[EventDate "2016.??.??"]
[EventCountry "AZE"]
[SourceTitle "playchess.com"]
[Source "ChessBase"]
[WhiteTeam "Kyrgyzstan"]
[BlackTeam "Albania"]
[WhiteTeamCountry "KGZ"]
[BlackTeamCountry "ALB"]
[TimeControl "40/5400+30:1800+30"]

1. e4 {(00:00)} c5 {(00:00)} 2. Nf3 {(00:00)} e6 {(
00:00)} 3. d4 {(00:03)} cxd4 {(00:00)} 4. Nxd4 {(00:05)}
a6 {(00:00)} 5. Nc3 {(00:29)} Nc6 {(01:02)} 6. Be3 {
(00:41)} Nge7 {(02:15)} 7. Be2 {(01:45)} Nxd4 {(00:
18)} 8. Bxd4 {(00:30)} Nc6 {(00:11)} 9. Be3 {(00:25)} b5 {
(00:31)} 10. a3 {(00:30)} Bb7 {(00:40)} 11. O-O {(
02:05)} Rc8 {(02:11)} 12. Qd2 {(02:53)} Be7 {(06:05)} 13.
Rad1 {(05:32)} d6 {(03:14)} 14. Bf4 {(05:04)} Ne5 {
(05:39)} 15. Bg3 {(18:59)} O-O {(03:56)} 16. Qe3 {(
12:41)} Qc7 {(05:48)} 17. Kh1 {(01:07)} Rfd8 {(02:46)} 18.
f4 {(00:54)} Nc4 {(03:48)} 19. Bxc4 {(01:45)} Qxc4 {
(00:41)} 20. Rd3 {(04:34)} b4 {(23:03)} 21. b3 {(
03:38)} Qc5 {(03:44)} 22. axb4 {(00:15)} Qxb4 {(01:40)}
23. Ra1 {(06:35)} Bf6 {(17:55)} 24. Ra4 {(02:53)} Qc5 {
(01:38)} 25. Be1 {(07:47)} Qxe3 {(08:41)} 26. Rxe3 {
(00:07)} Rc5 {(03:30)} 27. Ra2 {(06:43)} Rdc8 {(00:
46)} 28. Na4 {(05:19)} Rxc2 {(01:16)} 29. Rxc2 {(00:10)}
Rxc2 {(00:01)} 30. h3 {(01:56)} d5 {(01:04)} 31. e5 {
(00:56)} d4 {(00:10)} 32. Rd3 {(01:31)} Rxg2 {(01:
13)} 33. Nc5 {(02:53)} Bd5 {(01:31)} 34. exf6 {(00:16)}
Rg3+ {(00:31)} 35. Kh2 {(00:16)} Rg2+ {(00:03)} 36. Kh1 {
(00:06)} Rg3+ {(00:26)} 37. Kh2 {(00:05)} Rg2+ {(
00:56)} 38. Kh1 {(00:04)} Rg3+ {(00:48)} 39. Kh2 {(00:06)}
Rg2+ {(00:08)} 1/2-1/2

[Event "42nd Olympiad Baku 2016 Women"]
[Site "Baku"]
[Date "2016.09.05"]
[Round "4.5"]
[White "Muzychuk, Anna"]
[Black "Collas, Silvia"]
[Result "1-0"]
[ECO "B34"]
[WhiteElo "2550"]
[BlackElo "2301"]
[Annotator ""]
[PlyCount "45"]
[EventDate "2016.??.??"]
[EventCountry "AZE"]
[SourceTitle "playchess.com"]
[Source "ChessBase"]
[WhiteTeam "Ukraine"]
[BlackTeam "France"]
[WhiteTeamCountry "UKR"]
[BlackTeamCountry "FRA"]
[TimeControl "40/5400+30:1800+30"]

1. e4 {(00:00)} c5 {(00:00)} 2. Nf3 {(00:00)} Nc6 {
(00:00)} 3. d4 {(00:13)} cxd4 {(00:00)} 4. Nxd4 {(
00:05)} Nf6 {(00:41)} 5. Nc3 {(00:22)} e5 {(00:32)} 6.
Ndb5 {(02:13)} d6 {(00:13)} 7. Bg5 {(00:47)} a6 {(
00:26)} 8. Bxf6 {(02:07)} gxf6 {(00:25)} 9. Na3 {(00:04)}
f5 {(00:20)} 10. Nc4 {(06:02)} Nd4 {(07:24)} 11. Nd5 {
(04:42)} Be6 {(11:06)} 12. c3 {(09:35)} Nc6 {(05:
36)} 13. exf5 {(04:00)} Bxf5 {(08:23)} 14. Qf3 {(04:01)}
Bg6 {(00:25)} 15. Ncb6 {(04:23)} Rb8 {(16:43)} 16. Nf6+ {
(01:43)} Ke7 {(00:36)} 17. Nbd5+ {(00:45)} Ke6 {(
00:06)} 18. Bc4 {(06:16)} b5 {(05:27)} 19. Qh3+ {(01:51)}
Bf5 {(00:24)} 20. Ne3+ {(00:25)} Kxf6 {(01:34)} 21. Qxf5+
{(00:05)} Kg7 {(00:17)} 22. Qxf7+ {(00:07)} Kh6 {(
00:13)} 23. h4 {(00:11)} 1-0